 Dungeon Crawl Stone Soup version 0.29.1 (webtiles) character file.

Game seed: 17047773245246852748

31 mtoz the Shield-Bearer (level 3, 23/23 HPs)
             Began as a Gargoyle Fighter on Sept 13, 2022.
             Quit the game on level 1 of the Dungeon.
             The game lasted 00:02:40 (815 turns).

mtoz the Shield-Bearer (Gargoyle Fighter)            Turns: 815, Time: 00:02:41

Health: 23/23      AC: 10    Str: 21    XL:     3   Next: 22%
Magic:  3/3        EV:  9    Int:  8    God:
Gold:   59         SH:  4    Dex:  9    Spells: 2/2 levels left

rFire   . . .      SeeInvis .   g - +0 hand axe
rCold   . . .      Faith    .   c - +0 buckler
rNeg    + . .      Spirit   .   b - +0 scale mail
rPois   ∞          Reflect  .   (no helmet)
rElec   +          Harm     .   (no cloak)
rCorr   .          Rampage  .   (no gloves)
Will    .....                   (no boots)
Stlth   ..........              (no amulet)
HPRegen 0.07/turn               (no ring)
MPRegen 0.08/turn               (no ring)

@: no status effects
A: sickness immunity, AC +3, negative energy resistance 1, electricity
resistance, torment resistance 1, petrification resistance
a: no special abilities


You were on level 1 of the Dungeon.
You visited 1 branch of the dungeon, and saw 1 of its levels.

You collected 59 gold pieces.

Inventory:

Hand Weapons
 a - a +0 war axe
 g - a +0 hand axe (weapon)
Armour
 b - a +0 scale mail (worn)
 c - a +0 buckler (worn)
Scrolls
 e - 2 scrolls of identify {unknown}
Potions
 d - a potion of might
 f - a potion of curing {unknown}


   Skills:
 * Level 3.5 Fighting
 * Level 2.2 Axes
 * Level 3.5 Armour
 + Level 0.3 Dodging
 * Level 3.7 Shields


You had 2 spell levels left.
You didn't know any spells.
Your spell library was empty.

Dungeon Overview and Level Annotations

Branches:
Dungeon (1/15)

Altars:


Innate Abilities, Weirdness & Mutations

You are immune to sickness and miasma.
Your stone body is resilient. (AC +3)
You are immune to poison.
You resist negative energy. (rN+)
You are resistant to electric shocks. (rElec)
You are resistant to unholy torment.
You are immune to petrification.


Message History

You slash the hobgoblin!
You kill the hobgoblin!
No target in view!
No target in view!
A goblin comes into view. It is wielding a +0 club.
You see here a hobgoblin corpse.
A goblin is nearby!
The goblin shouts!
You hear an angry hiss.
There is a stone staircase leading down here.
You barely miss the goblin. The goblin closely misses you.
The goblin hits you with a +0 club.
You closely miss the goblin. The goblin hits you with a +0 club.
You closely miss the goblin. The goblin barely misses you.
You slash the goblin!
You kill the goblin!
No target in view!
No target in view!
You see here a +0 club.
Found a hand axe.
You see here a +0 hand axe.
You now have 59 gold pieces (gained 15).
You open the door.
A goblin comes into view. It is wielding a +0 club.
The goblin shouts!
You barely miss the goblin. You block the goblin's attack.
You barely miss the goblin.
The goblin hits you but does no damage. x2
You hit the goblin.
You kill the goblin!
No target in view!
You see here a +0 hand axe.
g - a +0 hand axe
Okay, then.
g - a +0 hand axe (weapon)
Found a dagger.
Your movement speed is average.
Your attack delay is about 1.2.
Things that are here:
a +0 club; a goblin corpse
There is an open door here.
Partly explored, can't reach some items.
Are you sure you want to abandon this character and quit the game? (Confirm with "yes".)

#.#...###.....###.
#.#..## ##._.## ##
#.#.#####.....###.
#.#.##.#...#...#..
#.#.......###.....
#.#...#..## ##..##
#.#..###..###..###
###.#.####...###..#.
#..@#.###.....###...
#.###.##.....## ##.#
#.....#....8.#####..
#.#.##.......≈≈≈###.
###.........≈≈≈≈# #.
##..8..8<.≈≈≈># #.
##.......≈≈§≈# #.
##.......≈§≈# #.
##....8.#### #.


There were no monsters in sight!

Vanquished Creatures
  A dart slug (D:1)
  5 ball pythons (D:1)
  5 endoplasms (D:1)
  A giant cockroach (D:1)
  3 goblins (D:1)
  2 hobgoblins (D:1)
  2 quokkas (D:1)
  2 frilled lizards (D:1)
  2 kobolds (D:1)
  A rat (D:1)
24 creatures vanquished.

Notes
Turn   | Place    | Note
-------+----------+-------------------------------------------
     0 | D:1      | mtoz the Gargoyle Fighter began the quest for the Orb.
     0 | D:1      | Reached XP level 1. HP: 14/14 MP: 1/1
    23 | D:1      | Found a faded altar of an unknown god.
   100 | D:1      | Reached XP level 2. HP: 16/19 MP: 2/2
   480 | D:1      | Reached XP level 3. HP: 23/23 MP: 3/3
   815 | D:1      | Quit the game

Illustrated notes

Levels and vault maps discovered:
D:1:      grunt_arrival_lava_bath, layout_basic,
          nicolae_ecumenical_snake_handling

Skill      XL: |  1 |
---------------+----+-----
Axes           | 2 |  2.2
Fighting       | |  3.5
Armour         | |  3.5
Dodging        | |  0.3
Shields        | |  3.7

Action                   || total
-------------------------++-------
Melee: War axe           ||    64
Armor: Scale mail        ||    31
Dodge: Dodged            ||    34
Block: Buckler           ||    14
